 Dungeon Crawl Stone Soup version 0.31-a0-496-g6f97920a28 (webtiles) character file.

Game seed: 8123478915441129910

301 Alphaeus the Digger (level 6, -4/59 HPs)
             Began as a Troll Earth Elementalist on Aug 9, 2023.
             Was an Initiate of Gozag.
             Slain by an ice beast (6 damage)
             ... on level 4 of the Dungeon.
             The game lasted 00:06:28 (2017 turns).

Alphaeus the Digger (Troll Earth Elementalist)      Turns: 2017, Time: 00:06:28

Health: -4/59      AC:  4    Str: 17    XL:     6   Next: 14%
Magic:  6/6        EV: 10    Int: 13    God:    Gozag
Gold:   222        SH:  0    Dex: 10    Spells: 6/7 levels left

rFire   + .          .
                       - Unarmed
rCold   . . .        (no shield)
rNeg    . . .        a - +0 robe
rPois   .            (helmet restricted)
rElec   .            (no cloak)
rCorr   .            (gloves unavailable)
SInv    .            (boots unavailable)
Will    .....        (no amulet)
Stlth   +            c - ring of protection from fire
HPRegen 1.09/turn    g - ring of wizardry
MPRegen 0.10/turn

%: wizardry (x1)
@: attractive
A: large, unfitting armour, claws 3, regeneration 1, shaggy fur 1, tough skin 1
a: Renounce Religion, Potion Petition, Call Merchant, Bribe Branch


You were on level 4 of the Dungeon.
You worshipped Gozag.
Gozag was aware of your devotion.
You visited 1 branch of the dungeon, and saw 4 of its levels.

You collected 286 gold pieces.
You paid 64 gold pieces to Gozag.

Inventory:

Hand Weapons
 k - a +0 flail
 l - a +2 whip of draining
Armour
 a - a +0 robe (worn)
Jewellery
 c - a ring of protection from fire (left claw)
 g - a ring of wizardry (right claw)
 i - a ring of positive energy
 o - a ring of poison resistance
Wands
 n - a wand of light (8)
Scrolls
 d - a scroll of enchant weapon {!r, unknown}
 e - 3 scrolls of identify {!r, unknown}
 h - a scroll of teleportation {!r, unknown}
 m - a scroll of poison {!r, unknown}
 q - a scroll of blinking {!r, unknown}
 r - a scroll of torment {!r, unknown}
Potions
 b - a potion of magic {!q}
 p - a potion of heal wounds {!q, unknown}


   Skills:
 + Level 2.5 Fighting
 - Level 2.4 Dodging
 - Level 1.0 Stealth
 + Level 3.0 Unarmed Combat
 - Level 1.2 Spellcasting
 - Level 1.6 Transmutations
 - Level 3.4 Earth Magic


You had 6 spell levels left.
You knew the following spells:

 Your Spells              Type           Power      Damage    Failure   Level
a - Sandblast             Erth           18%        2d7       2%          1

Your spell library contained the following spells:

 Spells                   Type           Power      Damage    Failure   Level
 Passwall                 Tmut/Erth      5%         N/A       6%          2
 Stone Arrow              Conj/Erth      10%        3d7       16%         3
 Petrify                  Tmut/Erth      7%         N/A       34%         4


Dungeon Overview and Level Annotations

Branches:
Dungeon (4/15)
 Temple: D:4-7

Altars:
Ashenzari
Dithmenos
Elyvilon
Fedhas
Gozag
Hepliaklqana
Qazlal
Ru
Trog
Uskayaw
Vehumet
Xom


Innate Abilities, Weirdness & Mutations

You are too large for most types of armour.
You have claws for hands.
Your natural rate of healing is unusually fast.
You are covered in fur. (AC +1)
You have tough skin. (AC +1)


Message History

The ball python is attracted toward you.
The ice beast attacks as you move away! The ice beast closely misses you.
The ball python is attracted toward you.
The ice beast attacks as you move away! The ice beast hits you.
* * * LOW HITPOINT WARNING * * *
The ice beast freezes you.
* * * LOW HITPOINT WARNING * * *
The kobold is attracted toward you. The kobold is attracted toward you.
You scratch the ice beast.
The ice beast is moderately wounded.
The ice beast hits you but does no damage.
You claw the ice beast!
The ice beast is heavily wounded.
The ice beast hits you but does no damage.
You claw the ice beast! Your claw misses the ice beast.
The ice beast is almost dead.
The ice beast misses you. The ball python bites you.
* * * LOW HITPOINT WARNING * * *
You scratch the ice beast.
The ice beast is almost dead.
The ball python closely misses you. The ice beast hits you.
* * * LOW HITPOINT WARNING * * *
The ice beast freezes you!
* * * LOW HITPOINT WARNING * * *
You barely miss the ice beast.
The ice beast is almost dead.
The ball python bites you.
* * * LOW HITPOINT WARNING * * *
The ice beast hits you.
* * * LOW HITPOINT WARNING * * *
The ice beast freezes you!
* * * LOW HITPOINT WARNING * * *
You barely miss the ice beast.
The ice beast is almost dead.
The ball python barely misses you. The ice beast hits you.
* * * LOW HITPOINT WARNING * * *
The ice beast freezes you.
You die...
Your body crumbles into a pile of gold.

........##....#..#
......)).........#
..>....######.##.#
.......)....#.##.#
.......##.###.<#.#
#...#####).....#.#
#...###........#.###
.................S.#
....###.......##@#.#
.##...#.......##Y#.#
.##.#.#.......##K#.###
.##.#.....######.....#
#......#########...#.#
#.......##.....#...#.#
#.......##.###.#.###.#
#######.##.#.........#
#....#.#.#.#####


You could see an ice beast, a ball python and a kobold.

Vanquished Creatures
  A phantom (D:4)
  Terence (D:3)
  An iguana (D:4)
  3 gnolls (D:2)
  6 adders
  5 worms
  A dart slug (D:3)
  4 orcs (D:4)
  9 endoplasms
  3 giant cockroaches
  5 hobgoblins
  6 quokkas
  3 ball pythons
  A bat (D:2)
  4 frilled lizards
  6 goblins
  11 kobolds
  2 rats
72 creatures vanquished.

Notes
Turn   | Place    | Note
-------+----------+-------------------------------------------
     0 | D:1      | Alphaeus the Troll Earth Elementalist began the quest for
                  | the Orb.
     0 | D:1      | Reached XP level 1. HP: 16/16 MP: 1/1
   160 | D:1      | Reached XP level 2. HP: 24/24 MP: 2/2
   534 | D:1      | Reached skill level 1 in Transmutations
   619 | D:2      | Reached skill level 1 in Unarmed Combat
   635 | D:2      | Reached XP level 3. HP: 26/32 MP: 3/3
   836 | D:2      | Reached skill level 1 in Fighting
  1045 | D:2      | Reached XP level 4. HP: 25/41 MP: 4/4
  1272 | D:3      | Found a hide-covered altar of Uskayaw.
  1305 | D:3      | Noticed Terence
  1318 | D:3      | Killed Terence
  1319 | D:3      | Reached XP level 5. HP: 16/48 MP: 5/5
  1644 | D:3      | Found a stormy altar of Qazlal.
  1647 | D:3      | Found a broken altar of Ashenzari.
  1648 | D:3      | Found a hazy altar of Hepliaklqana.
  1648 | D:3      | Found a blossoming altar of Fedhas.
  1648 | D:3      | Found an opulent altar of Gozag.
  1648 | D:3      | Found a radiant altar of Vehumet.
  1649 | D:3      | Found a bloodstained altar of Trog.
  1650 | D:3      | Found a white marble altar of Elyvilon.
  1651 | D:3      | Found a shadowy altar of Dithmenos.
  1652 | D:3      | Found a sacrificial altar of Ru.
  1653 | D:3      | Found a shimmering altar of Xom.
  1667 | D:3      | Became a worshipper of Gozag Ym Sagoz the Greedy
  1870 | D:4      | Noticed a phantom
  1897 | D:4      | Killed a phantom
  1898 | D:4      | Reached XP level 6. HP: 30/59 MP: 6/6
  1989 | D:4      | Noticed an ice beast
  2017 | D:4      | HP: 2/59 [ice beast (2)]
  2017 | D:4      | Slain by an ice beast

Illustrated notes

Levels and vault maps discovered:
D:1:      saegor_arrival_miasma, layout_basic
D:2:      layout_rooms, minmay_misc_feat_secret_circle, grunt_ministairs_7
D:3:      layout_rooms, minitemple, uniq_terence
D:4:      layout_basic, minmay_goblin_outpost

Skill      XL: |  1  2  3  4  5 |
---------------+----------------+-----
Transmutations | 1 |  1.6
Unarmed Combat | 1 3 |  3.0
Earth Magic    | 3 |  3.4
Dodging        | 2 |  2.4
Fighting       | 1 2 |  2.5
Stealth        | |  1.0
Spellcasting   | |  1.2

Action                     |  1- 3 |  4- 6 || total
---------------------------+-------+-------++-------
  Melee: Unarmed           |   120 |   136 ||   256
         Punch             |       |     4 ||     4
    Use: Potion            |       |     2 ||     2
   Stab: Sleeping          |     2 |     2 ||     4
 Armour: Robe              |    54 |    30 ||    84
  Dodge: Dodged            |    56 |    57 ||   113

Table legend: (Time is in decaauts)
 A = Elapsed time spent in this place.
 B = Non-inter-level travel time spent in this place.
 C = Inter-level travel time spent in this place.
 D = Time resting spent in this place.
 E = Time spent auto-exploring this place.
 F = Levels seen in this place.
 G = Mean time per level.
                   A        B        C        D        E       F      G
               +--------+--------+--------+--------+--------+-----+--------+
         Total |   2007 |   1935 |     72 |      0 |   1380 |   4 |  501.8 |
       Dungeon |   2007 |   1935 |     72 |      0 |   1380 |   4 |  501.8 |
               +--------+--------+--------+--------+--------+-----+--------+

Top non-repeatable levels by time:
     D:2: 656 daAuts
     D:1: 607 daAuts
     D:3: 530 daAuts
     D:4: 212 daAuts
